 Dungeon Crawl Stone Soup version 0.31-a0-986-g5e6e4ef867 (webtiles) character file.

Game seed: 14957023893162156448

22 Dittersdorf the Shield-Bearer (level 3, 0/29 HPs)
             Began as a Human Fighter on Nov 9, 2023.
             Slain by a goblin
             ... wielding a +0 dagger
             ... led by Robin
              (1 damage)
             ... on level 2 of the Dungeon.
             The game lasted 00:00:45 (1085 turns).

Dittersdorf the Shield-Bearer (Human Fighter)       Turns: 1085, Time: 00:00:46

Health: 0/29       AC:  9    Str: 18    XL:     3   Next: 7%
Magic:  3/3        EV:  7    Int:  8    God:
Gold:   85         SH:  4    Dex: 12    Spells: 2/2 levels left

rFire   . . .        a - +0 long sword
rCold   . . .        c - +0 buckler
rNeg    . . .        h - +0 chain mail
rPois   .            (no helmet)
rElec   .            (no cloak)
rCorr   .            (no gloves)
SInv    .            (no boots)
Will    .....        (no amulet) Stlth
                     (no ring)
HPRegen 0.24/turn    (no ring)
MPRegen 0.08/turn

%: no passive effects
@: no status effects
A: no striking features
a: no special abilities


You were on level 2 of the Dungeon.
You visited 1 branch of the dungeon, and saw 2 of its levels.

You collected 85 gold pieces.

Inventory:

Hand Weapons
 a - a +0 long sword (weapon)
Armour
 c - a +0 buckler (worn)
 h - a +0 chain mail (worn)
Jewellery
 i - a ring of resist corrosion
 m - a ring of flight
Scrolls
 b - 2 scrolls of identify {unknown}
 f - 2 scrolls of enchant armour {unknown}
 g - 3 scrolls of fear {unknown}
 j - 2 scrolls of teleportation {unknown}
 k - 2 scrolls of immolation {unknown}
Potions
 d - a potion of might
 e - a potion of brilliance {unknown}
 l - a potion of curing {unknown}
 n - a potion of mutation {unknown}


   Skills:
 + Level 3.2 Fighting
 + Level 2.4 Long Blades
 + Level 3.2 Armour
 + Level 3.2 Shields


You had 2 spell levels left.
You didn't know any spells.
Your spell library contained the following spells:

 Spells                   Type           Power      Damage    Failure   Level
 Sandblast                Erth           0%         2d4       99%         1
 Sting                    Tmut/Pois      0%         1d3       99%         1
 Passwall                 Tmut/Erth      0%         N/A       100%        2
 Poisonous Vapours        Pois/Air       0%         N/A       100%        2
 Stone Arrow              Conj/Erth      0%         3d7       100%        3
 Brom's Barrelling Bould  Conj/Erth      0%         2d3       100%        4
 Olgreb's Toxic Radiance  Pois           0%         N/A       100%        4


Dungeon Overview and Level Annotations

Branches:
Dungeon (2/15)

Altars:

Annotations:
D:2 Robin


Message History

The goblin hits you with a +0 club. The goblin barely misses you.
The hobgoblin completely misses you.
The giant cockroach bites you but does no damage.
You barely miss the hobgoblin. The hobgoblin closely misses you.
The goblin hits you with a +0 club. You block the goblin's attack.
The giant cockroach bites you.
You completely miss the goblin. The giant cockroach barely misses you.
The hobgoblin barely misses you.
The goblin hits you but does no damage. x3
The hobgoblin hits you but does no damage.
You block the goblin's attack.
The giant cockroach bites you but does no damage.
The goblin hits you with a +0 club. The goblin hits you but does no damage.
You block the hobgoblin's attack. The goblin hits you with a +0 club.
The goblin hits you with a +0 dagger. The hobgoblin barely misses you.
The goblin hits you but does no damage.
You barely miss the goblin. The giant cockroach bites you.
The goblin hits you but does no damage.
The hobgoblin hits you but does no damage.
The goblin hits you but does no damage. The goblin hits you with a +0 dagger.
The goblin hits you but does no damage.
The hobgoblin hits you but does no damage.
The goblin hits you but does no damage.
You closely miss the goblin. You block the giant cockroach's attack.
You block the goblin's attack.
The hobgoblin hits you but does no damage.
The goblin closely misses you. The goblin hits you with a +0 club.
* * * LOW HITPOINT WARNING * * *
The goblin hits you but does no damage. x2; The hobgoblin barely misses you.
The giant cockroach barely misses you.
You hit the goblin but do no damage. You block the goblin's attack.
The hobgoblin hits you but does no damage.
The giant cockroach closely misses you. The goblin barely misses you.
You block the goblin's attack. The goblin hits you but does no damage.
The hobgoblin hits you but does no damage.
The goblin hits you with a +0 dagger.
* * * LOW HITPOINT WARNING * * *
The goblin hits you with a +0 club.
* * * LOW HITPOINT WARNING * * *
The goblin hits you with a +0 dagger.
You die...

#........#
#........#
#........# .
#........#
...#........#
...#..gg....###
.......gggg.....
....#.gg@Bg..#
....!..ggg...#
...........###
...........#
...........#
...........#
.##.......#
#.......#
#.......#


You could see Robin, a giant cockroach, 2 hobgoblins and 9 goblins.

Vanquished Creatures
  3 endoplasms
  2 giant cockroaches (D:1)
  2 goblins
  2 hobgoblins (D:1)
  3 jackals (D:1)
  2 ball pythons (D:1)
  3 bats (D:1)
  A frilled lizard (D:1)
  2 rats (D:1)
20 creatures vanquished.

Notes
Turn   | Place    | Note
-------+----------+-------------------------------------------
     0 | D:1      | Dittersdorf the Human Fighter began the quest for the Orb.
     0 | D:1      | Reached XP level 1. HP: 18/18 MP: 1/1
   421 | D:1      | Reached XP level 2. HP: 23/24 MP: 2/2
  1073 | D:2      | Reached XP level 3. HP: 29/29 MP: 3/3
  1075 | D:2      | Noticed Robin
  1085 | D:2      | HP: 1/29 [goblin/+0 club[Robin] (3)]
  1085 | D:2      | Slain by a goblin

Illustrated notes

Levels and vault maps discovered:
D:1:      saegor_arrival_simple_c, layout_loops_corners, minivault_27,
          minmay_cupped
D:2:      layout_basic, serial_glass, glass_columns_a, glass_columns_b,
          uniq_robin

Action                     || total
---------------------------++-------
  Melee: Long sword        ||    54
 Armour: Scale mail        ||    12
         Chain mail        ||    70
  Dodge: Dodged            ||    28
  Block: Buckler           ||    20

Table legend: (Time is in decaauts)
 A = Elapsed time spent in this place.
 B = Non-inter-level travel time spent in this place.
 C = Inter-level travel time spent in this place.
 D = Time resting spent in this place.
 E = Time spent auto-exploring this place.
 F = Levels seen in this place.
 G = Mean time per level.
                   A        B        C        D        E       F      G
               +--------+--------+--------+--------+--------+-----+--------+
         Total |   1102 |   1045 |     57 |      0 |    897 |   2 |  551.0 |
       Dungeon |   1102 |   1045 |     57 |      0 |    897 |   2 |  551.0 |
               +--------+--------+--------+--------+--------+-----+--------+

Top non-repeatable levels by time:
     D:1: 957 daAuts
     D:2: 144 daAuts
